 Dungeon Sprint DCSS version bcrawl-1.21.3-2-g9d8a61a446 (webtiles) character file.

Game seed: 372246685500283634

38850 funkygono the Shatterer (level 14, 0/106 HPs)
             Began as a Gargoyle Fighter on Apr 12, 2020.
             Was the Champion of the Shining One.
             Killed from afar by a death yak (9 damage)
             ... with an exploding inner flame
             ... summoned by a spriggan berserker
             ... hexed by the player character
             ... in the Dungeon (Sprint V: "Ziggurat Sprint").
             The game lasted 00:22:28 (2233 turns).

funkygono the Shatterer (Gargoyle Fighter)          Turns: 2233, Time: 00:22:28

Health: 0/106      AC: 49    Str: 36    XL:     14   Next: 4%
Magic:  0/16       EV:  6    Int: 10    God:    the Shining One [******]
Gold:   0          SH:  0    Dex: 15    Spells: 12/13 levels left

rFire    + + .     SeeInvis +   a - +7 great mace "Firestarter" {inner flame, rF++}
rCold    . . .     Gourm    .   (shield currently unavailable)
rNeg     + + +     Faith    .   I - +15 Maxwell's patent armour {-Cast -Tele rElec MR+ rCorr}
rPois    ∞         Spirit   .   z - +0 helmet {SInv}
rElec    +         Reflect  .   K - +0 cloak
rCorr    +         Harm     .   L - +0 pair of fencer's gloves {Riposte Dex+6}
MR       ++...     NoTele   +   (no boots) Stlth ..........NoCast +
                                (no amulet)
HPRegen  0.27/turn              A - +6 ring of strength
MPRegen  0.15/turn              B - +6 ring of strength

@: grasped by roots, glowing, constricted, studying 2 skills
A: big wings, negative energy resistance 1, electricity resistance, unbreathing,
petrification resistance, rot immunity, AC +10
a: Fly, Divine Shield, Cleansing Flame, Summon Divine Warrior, Brand Weapon With
Holy Wrath, Renounce Religion


You were in the Dungeon.
You worshipped the Shining One.
The Shining One was exalted by your worship.
You were not hungry.

You visited 1 branch

Inventory:

Hand Weapons
 a - the +7 great mace "Firestarter" (weapon) {inner flame, rF++}
   (You found it in the Dungeon)

   It has been specially enchanted to burn those struck by it, causing extra
   injury to most foes and up to half again as much damage against particularly
   susceptible opponents.
   It greatly protects you from fire.
 b - the +7 longbow "Piercer" {penet, EV-2}
   (You found it in the Dungeon)

   Ammo fired by it will pass through the targets it hits, potentially hitting
   all targets in its path until it reaches maximum range.
   It affects your evasion (-2).
 H - the +10 dark maul {crush}
   (You found it in the Dungeon)

   It inflicts extra damage upon your enemies.
 J - the +8 storm bow {lightning rElec Stlth-}
   (You found it in the Dungeon)

   It insulates you from electricity.
   It makes you less stealthy.
 M - the +6 shillelagh "Devastator" {shatter}
   (You found it in the Dungeon)
 N - the +7 flail "Vuitwy" {flame, rC+ Str+2 Dex+2}
   (You found it in the Dungeon)

   It has been specially enchanted to burn those struck by it, causing extra
   injury to most foes and up to half again as much damage against particularly
   susceptible opponents.
   It affects your strength (+2).
   It affects your dexterity (+2).
   It protects you from cold.
Missiles
 x - 31327 arrows
Armour
 z - a +0 helmet of see invisible (worn)
 D - the +4 crystal plate armour "Doerph" {Int+6 Slay-6}
   (You found it in the Dungeon)

   It affects your intelligence (+6).
   It affects your accuracy and damage with ranged weapons and melee attacks
   (-6).
 F - the quicksilver dragon scales of Lifelessness {+Inv rPois rN+++ MR+ Stlth-}
   (You found it in the Dungeon)

   It protects you from poison.
   It renders you almost immune to negative energy.
   It affects your resistance to hostile enchantments.
   It lets you turn invisible.
   It makes you less stealthy.
 I - the +15 Maxwell's patent armour (worn) {-Cast -Tele rElec MR+ rCorr}
   (You found it in the Dungeon)

   It insulates you from electricity.
   It affects your resistance to hostile enchantments.
   It prevents spellcasting.
   It prevents most forms of teleportation.
   It provides partial protection from all sources of acid and corrosion.
 K - a +0 cloak (worn)
 L - the +0 pair of fencer's gloves (worn) {Riposte Dex+6}
   (You found it in the Dungeon)

   It affects your dexterity (+6).
 W - +5 gold dragon scales
Jewellery
 o - an uncursed ring of protection from magic
 w - a +6 ring of dexterity
 y - the ring "Ulujesch" {rCorr Dex+5}
   (You found it in the Dungeon)

   [ring of resist corrosion]

   It affects your dexterity (+5).
   It provides partial protection from all sources of acid and corrosion.
 A - a +6 ring of strength (left hand)
 B - a +6 ring of strength (right hand)
Scrolls
 k - 4 scrolls of blinking
 m - 3 scrolls of brand weapon
 q - 4 scrolls of amnesia
 r - 7 scrolls of fog
 s - 5 scrolls of identify
 t - 5 scrolls of remove curse
 u - 2 scrolls of fear
 E - a scroll of silence
 G - 4 scrolls of enchant weapon
Potions
 d - 8 potions of might
 f - 11 potions of curing
 g - 7 potions of heal wounds
 h - 10 potions of haste
 i - 7 potions of magic
 j - 3 potions of berserk rage
 l - 2 potions of brilliance
 n - 4 potions of resistance
 p - 5 potions of agility
Books
 v - a manual of Shields
 C - a manual of Staves
Comestibles
 c - 2 chunks of flesh
 e - 7 rations {!d}


   Skills:
 + Level 19.0 Fighting
 + Level 22.3 Maces & Flails
 + Level 12.1 Bows
 + Level 18.4 Armour
 + Level 3.2 Stealth
 - Level 6.5 Shields
 + Level 3.5 Invocations


You had 12 spell levels left.
You knew the following spells:

 Your Spells              Type           Power        Failure   Level  Hunger
a - Magic Dart            Conj           #...         80%         1    ##.....

Your spell library contained the following spells:

 Spells                   Type           Power        Failure   Level  Hunger
 Apportation              Tloc           #.....       80%         1    ##.....
 Shock                    Conj/Air       #....        80%         1    ##.....
 Sting                    Conj/Pois      #...         80%         1    ##.....
 Summon Butterflies       Summ           #.......     80%         1    ##.....
 Ensorcelled Hibernation  Hex/Ice        #.....       90%         2    ###....
 Poisonous Vapours        Pois/Air       #.....       90%         2    ###....
 Searing Ray              Conj           #.......     90%         2    ###....
 Shackle                  Hex            #.......     90%         2    ###....
 Swiftness                Chrm/Air       #.......     90%         2    ###....
 Beckoning                Tloc           #.........   99%         3    ####...
 Confuse                  Hex            #.......     99%         3    ####...
 False Image              Hex/Summ       #.......     99%         3    ####...
 Ignite Poison            Fire/Tmut/Pois #.......     99%         3    ####...
 Iskenderun's Mystic Bla  Conj           #.......     99%         3    ####...
 Mephitic Cloud           Conj/Pois/Air  #.......     99%         3    ####...
 Static Discharge         Air            #.......     99%         3    ####...
 Tukima's Dance           Hex            #.......     99%         3    ####...
 Airstrike                Air            #.........   100%        4    #####..
 Fulminant Prism          Conj/Hex       #.........   100%        4    #####..
 Olgreb's Toxic Radiance  Pois           #.......     100%        4    #####..
 Petrify                  Tmut/Erth      #.......     100%        4    #####..
 Sticky Flame             Conj/Fire      #.......     100%        4    #####..
 Summon Scorpions         Summ/Pois      #.......     100%        4    #####..
 Tree Form                Hex/Tmut       N/A          100%        4    #####..
 Yara's Violent Unravell  Hex/Tmut       #.........   100%        4    #####..
 Blade Hands              Tmut           #.........   100%        5    ######.
 Bolt of Magma            Conj/Fire/Erth #.........   100%        5    ######.
 Irradiate                Conj/Tmut      #.........   100%        5    ######.
 Lightning Bolt           Conj/Air       #.........   100%        5    ######.
 Silence                  Hex/Air        #.........   100%        5    ######.
 Venom Bolt               Conj/Pois      #.........   100%        5    ######.
 Borgnjor's Vile Clutch   Necr/Erth      #.........   100%        6    #######
 Darkness                 Hex            #.........   100%        6    #######
 Infestation              Hex/Tmut/Pois  #........    100%        6    #######
 Invisibility             Hex            #.......     100%        6    #######
 Iron Shot                Conj/Erth      #.........   100%        6    #######
 Ozocubu's Refrigeration  Ice            #.........   100%        6    #######
 Poison Arrow             Conj/Pois      #.........   100%        6    #######
 Shadow Creatures         Summ           N/A          100%        6    #######
 Time Stop                Chrm/Tloc      N/A          100%        8    #######
 Shatter                  Erth           #.........   100%        9    #######
 Sublimation of Blood     Necr           Unusable     N/A         2    N/A
 Statue Form              Tmut/Erth      Unusable     N/A         6    N/A

Dungeon Overview and Level Annotations

Branches:
Dungeon (1/1)

Altars:
Ashenzari
Cheibriados
Dithmenos
Elyvilon
Fedhas
Gozag
Hepliaklqana
Kikubaaqudgha
Lugonu
Makhleb
Nemelex Xobeh
Okawaru
Qazlal
Ru
Sif Muna
Trog
Uskayaw
Vehumet
Wu Jian
Xom
Yredelemnul
Zin
The Shining One
Beogh
Jiyva


Innate Abilities, Weirdness & Mutations

You are resistant to torment.
Your stone body is resilient. (AC +10)
You are immune to poison.
Your large and strong wings let you fly indefinitely.
You resist negative energy. (rN+)
You are resistant to electric shocks. (rElec)
You can survive without breathing.
You are immune to petrification.
You are immune to rotting.


Message History

The spriggan berserker hits you with a +2 antimagic quarterstaff!
* * * LOW HITPOINT WARNING * * *
You feel your power leaking away.
The spriggan berserker utters an invocation to Trog.
The spriggan berserker goes berserk!
You crush the death yak like a grape!!!!
You burn the death yak!!
The death yak explodes!
The fiery explosion engulfs the death yak!
The death yak is lightly wounded.
The fiery explosion engulfs the spriggan berserker!!
The spriggan berserker is heavily wounded.
The fiery explosion engulfs the elephant!
The elephant is lightly wounded.
The fiery explosion engulfs the spriggan berserker!
The spriggan berserker is moderately wounded.
The fiery explosion engulfs the spriggan berserker!!!
The spriggan berserker is almost dead.
You resist. The fiery explosion engulfs you!
You die...

▓.............▓...........
▓.............▓...........
▓....Y........▓..▓.....▓..
▓....Y..k.....▓.▓▓▓...▓▓▓.
▓...YY.f.Y....▓..▓....|▓).
▓....i..k.i...▓.....©|....
▓..▓.Y.iYi§▓..▓▓▓▓▓▓▓▓▓▓▓▓
▓.....i.Y.i...▓)...8©8...=
▓......ii@i...▓).....[....
▓......©......▓=...:==}...
▓▓▓▓▓▓▓▓▓▓▓▓▓▓▓=..........
▓}.......... ▓}..........
▓........... ▓..▓.....▓..
▓.▓▓▓..)▓▓▓. ▓..▓.....▓..


You could see a shambling mangrove, 6 death yaks, an elephant (berserk), 2 wind
drakes, 7 spriggan berserkers, 2 spriggan air magi and a yak.

Vanquished Creatures
  A greater mummy (D)
  A tentacled starspawn (D)
  A nagaraja (D)
  A vault warden (D)
  A fire giant (D)
  A reaper (D)
  A yellow draconian (D)
  4 merfolk javelineers (D)
  A merfolk impaler (D)
  2 mummy priests (D)
  A great orb of eyes (D)
  A vault guard (D)
  A hydra (D)
  A naga warrior (D)
  Erica (D)
  An anaconda (D)
  A hell hog (D)
  2 wretched stars (D)
  A sea snake (D)
  A shadow wraith (D)
  A skeletal warrior (D)
  2 spriggan druids (D)
  A flayed ghost (D)
  An ironbrand convoker (D)
  A wolf spider (D)
  A manticore (D)
  2 rust devils (D)
  3 black mambas (D)
  A naga mage (D)
  A guardian serpent (D)
  A vault sentinel (D)
  A water nymph (D)
  A cane toad (D)
  A smoke demon (D)
  An orange demon (D)
  An efreet (D)
  A rime drake (D)
  2 guardian mummies (D)
  A merfolk (D)
  2 raiju (D)
  A redback (D)
  4 spriggans (D)
  Sigmund (D)
  A water elemental (D)
  3 fire elementals (D)
  A ynoxinul (D)
  4 shadows (D)
  A basilisk (D)
  4 large abominations (D)
  2 nagas (D)
  3 water moccasins (D)
  Edmund (D)
  Duvessa (D)
  A hell hound (D)
  A porcupine (D)
  A black bear (D)
  A necrophage (D)
  3 wolves (D)
  Blork the orc (D)
  Dowan (D)
  2 scorpions (D)
  5 small abominations (D)
  3 crimson imps (D)
  4 quasits (D)
  Crazy Yiuf (D)
  An iron imp (D)
  Jessica (D)
  An iguana (D)
  7 mummies (D)
  2 adders (D)
  A river rat (D)
  3 white imps (D)
  4 ufetubi (D)
  2 bat skeletons (D)
  A bat zombie (D)
  A jackal (D)
  2 ball pythons (D)
  A leopard gecko simulacrum (D)
  A fire vortex (D)
  2 starspawn tentacles (D)
132 creatures vanquished.

Vanquished Creatures (others)
  An ufetubus (D)
  A fire vortex (D)
  3 starspawn tentacles (D)
5 creatures vanquished.

Grand Total: 137 creatures vanquished

Notes
Turn   | Place    | Note
-------+----------+-------------------------------------------
     0 | D        | funkygono the Gargoyle Fighter began the quest for the Orb.
     0 | D        | Reached XP level 1. HP: 14/14 MP: 1/1
     0 | D        | Found a shimmering blue altar of Sif Muna.
     0 | D        | Found a sacrificial altar of Ru.
     0 | D        | Found a bloodstained altar of Trog.
     0 | D        | Found a stormy altar of Qazlal.
     0 | D        | Found an iron altar of Okawaru.
     0 | D        | Found a sparkling altar of Nemelex Xobeh.
     0 | D        | Found a blossoming altar of Fedhas.
     1 | D        | Found the +6 Majin-Bo {vamp, *Drain Str+12 Int+24}
     1 | D        | Found the +7 great mace "Firestarter" {inner flame, rF++}
     2 | D        | Found a transporter.
     2 | D        | Found an ancient bone altar of Kikubaaqudgha.
     2 | D        | Found a viscous altar of Jiyva.
     2 | D        | Found a corrupted altar of Lugonu.
     2 | D        | Found a hazy altar of Hepliaklqana.
     2 | D        | Found a burning altar of Makhleb.
     2 | D        | Found an opulent altar of Gozag.
    22 | D        | Found the +9 heavy crossbow "Sniper" {velocity, Acc+∞ SInv}
    22 | D        | Found the +10 dark maul {crush}
    22 | D        | Found the +15 Maxwell's patent armour {-Cast -Tele rElec
                  | MR+ rCorr}
    22 | D        | Found the +18 shield of the Gong {rElec rN+ MR+ EV-5}
    22 | D        | Found the cursed +14 obsidian axe {chop, +Fly SInv *Curse}
    24 | D        | Found the +6 shillelagh "Devastator" {shatter}
    24 | D        | Found the +11 plutonium sword {*Contam Stlth-}
    24 | D        | Found the +8 lance "Wyrmbane" {slay drac, rPois rF+ rC+
                  | AC+3}
    24 | D        | Found the +9 sword of Zonguldrok {reap}
    24 | D        | Found the cursed +13 scythe of Curses {drain, *Curse}
    24 | D        | Found the +0 sword of Power
    24 | D        | Found the +7 mace of Variability {chain chaos}
    24 | D        | Found the +7 Singing Sword {slice}
    24 | D        | Found the +7 longbow "Piercer" {penet, EV-2}
   138 | D        | Became a worshipper of the Shining One
   182 | D        | Reached skill level 3 in Maces & Flails
   182 | D        | Reached XP level 2. HP: 20/20 MP: 2/2
   217 | D        | Entered arena 2.
   217 | D        | Noticed a scorpion
   217 | D        | Noticed a scorpion
   217 | D        | Found a transporter.
   221 | D        | Killed a scorpion
   221 | D        | Reached skill level 5 in Fighting
   221 | D        | Reached skill level 4 in Maces & Flails
   221 | D        | Reached skill level 5 in Armour
   221 | D        | Reached skill level 5 in Shields
   221 | D        | Reached XP level 3. HP: 27/27 MP: 3/3
   221 | D        | Reached XP level 4. HP: 32/32 MP: 4/4
   227 | D        | Got the +3 ring mail of the Equinox {rElec Int+2 Dex+2}
   230 | D        | Entered arena 3.
   230 | D        | Reached * piety under the Shining One
   230 | D        | Found a transporter.
   234 | D        | Reached XP level 5. HP: 37/37 MP: 5/5
   234 | D        | Reached skill level 5 in Maces & Flails
   366 | D        | Entered arena 4.
   366 | D        | Reached ** piety under the Shining One
   366 | D        | Found a transporter.
   370 | D        | Reached *** piety under the Shining One
   387 | D        | Entered arena 5.
   387 | D        | Reached **** piety under the Shining One
   387 | D        | Noticed a water moccasin
   387 | D        | Found a transporter.
   390 | D        | Killed a water moccasin
   390 | D        | Reached XP level 6. HP: 40/44 MP: 6/6
   390 | D        | Reached skill level 6 in Maces & Flails
   491 | D        | Got the +3 dagger "Rydghisi" {pierce, rF++}
   499 | D        | Learned a level 1 spell: Magic Dart
   513 | D        | Entered arena 6.
   513 | D        | Received a gift from the Shining One
   513 | D        | Reached ***** piety under the Shining One
   513 | D        | Found a transporter.
   520 | D        | Reached skill level 7 in Maces & Flails
   522 | D        | Reached XP level 7. HP: 52/52 MP: 7/7
   525 | D        | Reached skill level 8 in Maces & Flails
   546 | D        | Entered arena 7.
   546 | D        | Noticed a vault warden
   546 | D        | Noticed a vault sentinel
   546 | D        | Received a gift from the Shining One
   546 | D        | Noticed a great orb of eyes
   546 | D        | Noticed an ironbrand convoker
   546 | D        | Noticed a fire giant
   546 | D        | Noticed a vault guard
   546 | D        | Received a gift from the Shining One
   549 | D        | Killed an ironbrand convoker
   549 | D        | Reached skill level 10 in Fighting
   549 | D        | Reached skill level 9 in Maces & Flails
   549 | D        | Reached skill level 10 in Armour
   549 | D        | Reached skill level 1 in Stealth
   549 | D        | Reached XP level 8. HP: 59/59 MP: 8/8
   561 | D        | Killed a fire giant
   561 | D        | Killed a vault sentinel
   561 | D        | Reached skill level 10 in Maces & Flails
   561 | D        | Reached skill level 12 in Maces & Flails
   561 | D        | Reached XP level 9. HP: 4/65 MP: 5/10
   565 | D        | Killed a vault warden
   565 | D        | Reached skill level 13 in Maces & Flails
   565 | D        | Reached skill level 5 in Bows
   565 | D        | Reached XP level 10. HP: 19/72 MP: 6/11
   567 | D        | Killed a vault guard
   567 | D        | Reached skill level 14 in Maces & Flails
   569 | D        | Killed a great orb of eyes
   570 | D        | Found a transporter.
   842 | D        | Entered arena 8.
   842 | D        | Noticed a five-headed hydra
   842 | D        | Reached ****** piety under the Shining One
   842 | D        | Received a gift from the Shining One
   842 | D        | Noticed a cane toad
   842 | D        | Received a gift from the Shining One
   852 | D        | Killed a five-headed hydra
   852 | D        | Reached skill level 15 in Maces & Flails
   853 | D        | Found a transporter.
   854 | D        | Killed a cane toad
   854 | D        | Reached XP level 11. HP: 56/79 MP: 13/13
   864 | D        | Got the ring of Life {rElec rF+ Stlth+}
   866 | D        | Got Siuv Jad's Catalogue of Arcane Weapons and Curses
   953 | D        | Entered arena 9.
   953 | D        | Received a gift from the Shining One
   953 | D        | Noticed a hell hog
   961 | D        | Killed a hell hog
   968 | D        | Reached skill level 15 in Armour
   970 | D        | Found a transporter.
   996 | D        | Got the quicksilver dragon scales of Lifelessness {+Inv
                  | rPois rN+++ MR+ Stlth-}
  1009 | D        | Entered arena 10.
  1009 | D        | Noticed Sigmund
  1009 | D        | Noticed Jessica
  1009 | D        | Noticed Blork the orc
  1009 | D        | Noticed Crazy Yiuf
  1009 | D        | Noticed Dowan
  1009 | D        | Noticed Duvessa
  1009 | D        | Noticed Edmund
  1009 | D        | Noticed Erica
  1010 | D        | Killed Edmund
  1010 | D        | Reached skill level 16 in Maces & Flails
  1014 | D        | Killed Duvessa
  1015 | D        | Killed Jessica
  1015 | D        | Received a gift from the Shining One
  1016 | D        | Killed Crazy Yiuf
  1022 | D        | Killed Erica
  1022 | D        | Killed Sigmund
  1022 | D        | Killed Blork the orc
  1024 | D        | Killed Dowan
  1026 | D        | Found a transporter.
  1080 | D        | Entered arena 11.
  1080 | D        | Noticed a spriggan druid
  1080 | D        | Noticed a spriggan druid
  1082 | D        | Found a transporter.
  1089 | D        | Killed a spriggan druid
  1090 | D        | Killed a spriggan druid
  1090 | D        | Reached skill level 17 in Maces & Flails
  1138 | D        | Got the Reference Book on Transmigration and Enchantment
  1148 | D        | Entered arena 12.
  1148 | D        | Noticed a merfolk impaler
  1148 | D        | Noticed a manticore
  1148 | D        | Received a gift from the Shining One
  1148 | D        | Noticed a sea snake
  1148 | D        | Noticed a merfolk javelineer
  1148 | D        | Noticed a merfolk javelineer
  1149 | D        | Received a gift from the Shining One
  1150 | D        | Noticed a merfolk javelineer
  1150 | D        | Noticed a merfolk javelineer
  1154 | D        | Killed a sea snake
  1154 | D        | Reached skill level 15 in Fighting
  1155 | D        | Killed a merfolk javelineer
  1155 | D        | Reached XP level 12. HP: 70/88 MP: 14/14
  1158 | D        | Killed a merfolk javelineer
  1160 | D        | Reached skill level 18 in Maces & Flails
  1161 | D        | Found a transporter.
  1161 | D        | Killed a merfolk impaler
  1164 | D        | Killed a merfolk javelineer
  1164 | D        | Reached skill level 10 in Bows
  1165 | D        | Killed a merfolk javelineer
  1382 | D        | Got the ring "Cosuup" {rF+ rC+ Str+2}
  1433 | D        | Entered arena 13.
  1433 | D        | Noticed a naga warrior
  1433 | D        | Received a gift from the Shining One
  1435 | D        | Noticed a nagaraja
  1442 | D        | Reached skill level 19 in Maces & Flails
  1447 | D        | Found the +8 trident of the Octopus King {venom, rElec
                  | rPois MR+}
  1450 | D        | Killed a nagaraja
  1454 | D        | Killed a naga warrior
  1554 | D        | Found a transporter.
  1574 | D        | Got the +7 dagger of Discord {freeze, *Noise Fragile rElec
                  | SInv}
  1578 | D        | Got the +4 longbow of Pestilence {elec, MR+ SInv}
  1607 | D        | Entered arena 14.
  1608 | D        | Received a gift from the Shining One
  1608 | D        | Received a gift from the Shining One
  1608 | D        | Received a gift from the Shining One
  1608 | D        | Noticed a reaper
  1608 | D        | Received a gift from the Shining One
  1609 | D        | Received a gift from the Shining One
  1616 | D        | Received a gift from the Shining One
  1616 | D        | Received a gift from the Shining One
  1616 | D        | Received a gift from the Shining One
  1624 | D        | Received a gift from the Shining One
  1626 | D        | Found the +8 storm bow {lightning rElec Stlth-}
  1628 | D        | Received a gift from the Shining One
  1628 | D        | Reached skill level 20 in Maces & Flails
  1633 | D        | Killed a reaper
  1633 | D        | Received a gift from the Shining One
  1633 | D        | Reached XP level 13. HP: 95/95 MP: 15/15
  1641 | D        | Found a transporter.
  1699 | D        | Got the +9 hunting sling "Vefinwuo" {venom, Str+3}
  1705 | D        | Got the +7 flail "Vuitwy" {flame, rC+ Str+2 Dex+2}
  1730 | D        | Entered arena 15.
  1736 | D        | Noticed a mummy priest
  1736 | D        | Noticed a mummy priest
  1736 | D        | Received a gift from the Shining One
  1739 | D        | Noticed a jiangshi
  1739 | D        | Received a gift from the Shining One
  1740 | D        | Received a gift from the Shining One
  1746 | D        | Killed a mummy priest
  1746 | D        | Received a gift from the Shining One
  1748 | D        | Received a gift from the Shining One
  1751 | D        | Noticed a greater mummy
  1751 | D        | Received a gift from the Shining One
  1758 | D        | Noticed an emperor scorpion
  1758 | D        | Noticed an emperor scorpion
  1758 | D        | Received a gift from the Shining One
  1759 | D        | Noticed an emperor scorpion
  1760 | D        | Noticed an emperor scorpion
  1762 | D        | Noticed an emperor scorpion
  1762 | D        | Killed a mummy priest
  1764 | D        | Noticed an emperor scorpion
  1764 | D        | Noticed an emperor scorpion
  1771 | D        | Killed a greater mummy
  1771 | D        | Received a gift from the Shining One
  1771 | D        | Reached skill level 21 in Maces & Flails
  1771 | D        | Noticed a reaper
  1833 | D        | Found a transporter.
  1841 | D        | Got the amulet "Juyqen" {RegenMP MP+9 Str+2}
  1853 | D        | Entered arena 16.
  1853 | D        | Received a gift from the Shining One
  1854 | D        | Received a gift from the Shining One
  1855 | D        | Received a gift from the Shining One
  1856 | D        | Noticed a tentacled starspawn
  1857 | D        | Received a gift from the Shining One
  1860 | D        | Received a gift from the Shining One
  1862 | D        | Received a gift from the Shining One
  1863 | D        | Received a gift from the Shining One
  1869 | D        | Killed a tentacled starspawn
  1869 | D        | Received a gift from the Shining One
  1881 | D        | Received a gift from the Shining One
  1975 | D        | Found a transporter.
  1981 | D        | Got the Disquisition on the Noxious Compass
  1983 | D        | Got the Catalogue of Curses
  1990 | D        | Got the +4 crystal plate armour "Doerph" {Int+6 Slay-6}
  2020 | D        | Entered arena 17.
  2025 | D        | Received a gift from the Shining One
  2025 | D        | Received a gift from the Shining One
  2025 | D        | Received a gift from the Shining One
  2025 | D        | Noticed a yellow draconian
  2025 | D        | Received a gift from the Shining One
  2026 | D        | Found the +0 pair of fencer's gloves {Riposte Dex+6}
  2026 | D        | Received a gift from the Shining One
  2034 | D        | Killed a yellow draconian
  2034 | D        | Reached skill level 22 in Maces & Flails
  2035 | D        | Received a gift from the Shining One
  2039 | D        | Received a gift from the Shining One
  2041 | D        | Received a gift from the Shining One
  2177 | D        | Found a transporter.
  2195 | D        | Got the ring "Ulujesch" {rCorr Dex+5}
  2219 | D        | Entered arena 18.
  2223 | D        | Received a gift from the Shining One
  2223 | D        | Received a gift from the Shining One
  2223 | D        | Received a gift from the Shining One
  2223 | D        | Received a gift from the Shining One
  2224 | D        | Identified the +4 scimitar of Dishonesty {drain, +Fly rC+++
                  | Dex-3}
  2227 | D        | Gained mutation: Your large and strong wings let you fly
                  | indefinitely. [Gargoyle growth]
  2227 | D        | Reached XP level 14. HP: 70/104 MP: 16/16
  2230 | D        | HP: 4/106 [elephant[a spriggan berserker] (15)]
  2233 | D        | Killed from afar by a death yak

Skill      XL: |  1  2  3  4  5  6  7  8  9 10 11 12 13 14 |
---------------+-------------------------------------------+-----
Fighting       | 4 5 6 8 9 10 12 13 15 16 18 19 | 19.0
Maces & Flails | 3 4 5 7 9 12 13 15 17 20 22 | 22.3
Bows           | 3 4 5 6 9 11 12 | 12.1
Armour         | 4 5 6 8 9 10 12 13 14 15 16 18 | 18.4
Shields        | 4 5 6 |  6.5
Stealth        | 1 2 3 |  3.2
Invocations    | 2 3 |  3.5

Action                   |  1- 3 |  4- 6 |  7- 9 | 10-12 | 13-15 || total
-------------------------+-------+-------+-------+-------+-------++-------
Melee: Great mace        |     3 |    15 |     6 |    78 |    75 ||   177
 Fire: Longbow           |       |       |     5 |    14 |     9 ||    28
Invok: Divine Shield     |       |       |     1 |       |       ||     1
  Use: Potion            |     1 |       |     3 |       |     4 ||     8
  Eat: Chunk             |       |       |       |     2 |     2 ||     4
Armor: Plate armour      |     5 |    41 |    11 |   110 |   138 ||   305
Dodge: Dodged            |     1 |    22 |     4 |    46 |    65 ||   138
Block: Other             |       |       |     1 |       |       ||     1
       Rpst.: Great mace |       |       |       |       |     1 ||     1
